 Dungeon Crawl Stone Soup version 0.22.1-2-g9c5b331383 (webtiles) character file.

32283 BushDid911 the Blocker (level 14, -1/72 HPs)
             Began as a Human Fighter on Nov 17, 2018.
             Was a High Priest of Qazlal.
             Slain by an anaconda zombie (2 damage)
             ... on level 2 of the Abyss.
             The game lasted 00:59:14 (11586 turns).

BushDid911 the Blocker (Human Fighter)             Turns: 11586, Time: 00:59:15

Health: -1/72      AC: 30    Str: 15 (16) XL:     14   Next: 1%
Magic:  14/14      EV:  3    Int:  7      God:    Qazlal [*****.]
Gold:   277        SH: 20    Dex: 13 (14) Spells: 21/22 levels left

rFire    . . .     SeeInvis .   a - +3 falchion (venom)
rCold    + . .     Gourm    .   c - +1 shield
rNeg     . . .     Faith    +   t - +5 plate armour {MR+}
rPois    +         Spirit   .   N - +2 helmet {Int+3}
rElec    .         Reflect  .   q - +2 cloak
rCorr    .         Harm     .   n - +2 pair of gloves {Dex+3}
MR       ++...     Rnd*Rage +   (no boots) Stlth ..........Rnd*Tele +
                                o - amulet of faith
HPRegen  0.00/turn              e - ring of flight
MPRegen  0.14/turn              D - ring of Zang {*Contam +Inv rPois rC- AC+1}

@: about to teleport, protected from physical damage, non-regenerating,
diseased, constricted, repel missiles
A: slimy green scales 1, [berserk 2], [blurry vision 3], [clumsy 2], cold
resistance 2, [deformed body], [deterioration 2], [dopey 2], [frail 3], [low mp
3], regeneration 1, [screaming 3], [inhibited regeneration], [teleportitis 3],
[weak 2], [no potion heal 3], [subdued magic 3]
a: Upheaval, Elemental Force, Disaster Area, Renounce Religion, Evoke
Invisibility, Evoke Flight


You were on level 2 of the Abyss.
You worshipped Qazlal.
Qazlal was extremely pleased with you.
You were not hungry.

You visited 2 branches of the dungeon, and saw 14 of its levels.
You visited the Abyss 1 time.
You also visited: Bailey.

You collected 1059 gold pieces.
You spent 782 gold pieces at shops.

Inventory:

Hand Weapons
 a - a +3 falchion of venom (weapon)
 b - a +2 morningstar of crushing
 F - a +2 scimitar of flaming
 I - a +4 long sword
Missiles
 G - 37 tomahawks of returning (quivered)
Armour
 c - a +1 shield (worn)
 n - a +2 pair of gloves of dexterity (worn)
 q - a +2 cloak (worn)
 t - a +5 plate armour of magic resistance (worn)
 N - a +2 helmet of intelligence (worn)
Jewellery
 e - a ring of flight (left hand)
 o - an amulet of faith (around neck)
 B - an uncursed ring of wizardry
 D - the ring of Zang (right hand) {*Contam +Inv rPois rC- AC+1}
   (You bought it in a shop on level 5 of the Dungeon)

   [ring of protection]

   It affects your AC (+1).
   It makes you vulnerable to cold.
   It protects you from poison.
   It lets you turn invisible.
   It causes magical contamination when unequipped.
Wands
 l - a wand of flame (22)
 u - a wand of random effects (24)
 x - a wand of disintegration (11)
 y - a wand of enslavement (29)
 C - a wand of acid (14)
 J - a wand of iceblast (12)
 L - a wand of paralysis (12)
Scrolls
 i - 2 scrolls of amnesia
 j - a scroll of teleportation
 k - a scroll of fear
 p - a scroll of random uselessness {unknown}
 v - 6 scrolls of remove curse
 w - 7 scrolls of identify
 E - 2 scrolls of magic mapping
Potions
 d - a potion of might
 h - a potion of agility
 m - 2 potions of mutation
 s - 3 potions of lignification
 A - 5 potions of flight
Miscellaneous
 r - a fan of gales
 H - 2 boxes of beasts
Comestibles
 f - 21 rations


   Skills:
 + Level 7.4 Fighting
 + Level 7.3 Long Blades
 + Level 6.8 Maces & Flails
 + Level 6.7 Throwing
 * Level 8.9 Armour
 + Level 5.0 Dodging
 * Level 12.1 Shields
 + Level 4.6 Spellcasting
 + Level 4.6 Transmutations
 + Level 5.6 Invocations
 + Level 5.2 Evocations


You had 21 spell levels left.
You knew the following spells:

 Your Spells              Type           Power        Failure   Level  Hunger
a - Beastly Appendage     Tmut           #.....       90%         1    #......

Your spell library contained the following spells:

 Spells                   Type           Power        Failure   Level  Hunger
 Sticks to Snakes         Tmut           #.......     97%         2    ###....
 Animate Skeleton         Necr           N/A          100%        1    #......
 Apportation              Tloc           #.....       100%        1    #......
 Confusing Touch          Hex            #.....       100%        1    #......
 Freeze                   Ice            #...         100%        1    #......
 Summon Small Mammal      Summ           #...         100%        1    #......
 Spider Form              Tmut/Pois      #.........   100%        3    ###....
 Ice Form                 Ice/Tmut       #.......     100%        4    #####..
 Blade Hands              Tmut           #.........   100%        5    ######.


Dungeon Overview and Level Annotations

Branches:
Dungeon (13/15)            Temple (1/1) D:5            Lair (0/6) D:10
    Orc (0/2) D:12
 Vaults: D:13-14

Altars:
Ashenzari
Cheibriados
Dithmenos
Elyvilon
Fedhas
Gozag
Hepliaklqana
Kikubaaqudgha
Makhleb
Nemelex Xobeh
Okawaru
Qazlal
Ru
Sif Muna
Trog
Uskayaw
Vehumet
Wu Jian
Xom
Yredelemnul
Zin
The Shining One

Shops:
D:5 =*?   D:8 :   D:10 ?[(   D:12 [

Annotations:
D:10 Scroll Shop


Innate Abilities, Weirdness & Mutations

You are partially covered in slimy green scales. (AC +2)
Your flesh is very cold resistant. (rC++)
Your natural rate of healing is unusually fast.
[You often lose your temper in combat.]
[Scrolls take you much longer to read.]
[You are very clumsy. (Dex -4)]
[Armour fits poorly on your strangely shaped body.]
[Your body often deteriorates upon taking damage.]
[You are very dopey. (Int -4)]
[You are extremely frail. (-30% HP)]
[Your magical capacity is extremely low. (-30% MP)]
[You frequently scream uncontrollably at your foes.]
[You do not regenerate when monsters are visible.]
[You are often teleported next to monsters.]
[You are very weak. (Str -4)]
[Potions cannot restore your health.]
[Your spells are much easier to cast, but much less powerful.]


Message History

The ancient zyme is moderately damaged.
You block the anaconda zombie's attack. The anaconda zombie constricts you.
You block the ancient zyme's attack.
The ancient zyme hits you but does no damage.
You feel ill.
The anaconda zombie bites you but does no damage.
* * * LOW HITPOINT WARNING * * *
The anaconda zombie constricts you.
You slash the ancient zyme!
The ancient zyme is heavily damaged.
You hear a trumpeting!
You hear a roar!
You feel ill.
The anaconda zombie bites you but does no damage.
The anaconda zombie constricts you. You block the ancient zyme's attack. x2
The wretched star pulses with an eldritch light!
You feel even more weirdly uncertain.
You hit the ancient zyme.
The ancient zyme is heavily damaged.
The anaconda zombie bites you.
You die...

####
####..####
##
#.#....§*.#
...#.#
..#.§xZ## #
#...
..#..x@# #_
. #..#####
# ..
X#...###
..# ..#....
# . X ..
.## # #.
##. # # .#
# . .. #. .
# #... # #


You could see a wretched star, 2 ancient zymes and an anaconda zombie.

Vanquished Creatures
  A bone dragon (Abyss:2)
  2 hydras (D:13)
  2 two-headed ogres
  Sonja (D:10)
  3 skeletal warriors (D:13)
  2 unseen horrors (D:12)
  A wretched star (Abyss:2)
  A wizard (D:13)
  An orc knight (Bailey)
  A necromancer (D:13)
  2 ugly things
  A cyclops (D:11)
  A manticore (D:10)
  A worldbinder (Abyss:2)
  Joseph (D:8)
  2 gargoyles
  4 centaur skeletons
  A large abomination (Abyss:2)
  An efreet (Abyss:2)
  2 ancient zymes (Abyss:2)
  4 trolls
  Prince Ribbit (D:8)
  3 slime creatures (D:12)
  6 small abominations (Abyss:2)
  11 yaks
  2 wyverns (D:13)
  4 hogs (D:9)
  A ynoxinul (Abyss:2)
  2 basilisks (D:10)
  A shadow (D:11)
  A human (D:9)
  3 porcupines (D:10)
  5 sky beasts
  3 ice beasts
  6 orc warriors
  A black bear (D:12)
  3 ogres
  3 phantoms
  3 necrophages
  3 crocodiles
  A centaur (D:13)
  2 big kobolds
  3 bullfrogs
  4 scorpions
  12 killer bees
  6 howler monkeys
  An electric eel (D:11)
  5 crimson imps
  3 bullfrog zombies
  A centaur zombie (D:8)
  2 hounds
  2 quasits
  5 orc priests
  2 jellies
  A gnoll shaman (D:5)
  An iguana (D:7)
  11 orc wizards
  3 worker ants
  A hound zombie (D:10)
  A worker ant zombie (D:10)
  4 gnolls
  17 adders
  A shadow imp (D:10)
  A white imp (Abyss:2)
  An ooze (D:4)
  2 adder skeletons (D:4)
  An adder zombie (D:5)
  6 worms
  2 dart slugs
  A leopard gecko (D:9)
  37 orcs
  8 bats
  7 giant cockroaches
  14 goblins
  6 hobgoblins
  5 quokkas
  4 frilled lizards
  28 kobolds
  A quokka skeleton (D:8)
  10 rats
  A lurking horror (Abyss:2)
321 creatures vanquished.

Vanquished Creatures (others)
  A large abomination (Abyss:2)
1 creature vanquished.

Grand Total: 322 creatures vanquished

Notes
Turn   | Place    | Note
-------+----------+-------------------------------------------
     0 | D:1      | BushDid911 the Human Fighter began the quest for the Orb.
     0 | D:1      | Reached XP level 1. HP: 18/18 MP: 1/1
    81 | D:1      | Reached XP level 2. HP: 24/24 MP: 2/2
   544 | D:2      | Reached XP level 3. HP: 28/29 MP: 3/3
  1222 | D:2      | Reached XP level 4. HP: 32/36 MP: 4/4
  1592 | D:3      | Gained mutation: You evolve. [potion of mutation]
  1592 | D:3      | Gained mutation: Your natural rate of healing is unusually
                  | fast. [potion of mutation]
  1592 | D:3      | Gained mutation: You rapidly evolve. [potion of mutation]
  1614 | D:3      | Reached XP level 5. HP: 22/42 MP: 5/5
  1703 | D:3      | Learned a level 1 spell: Beastly Appendage
  2333 | D:3      | Gained mutation: Your flesh is cold resistant. (rC+)
                  | [evolution]
  2614 | D:4      | Found a white marble altar of Elyvilon.
  2648 | D:4      | Reached XP level 6. HP: 46/48 MP: 6/6
  2977 | D:4      | Found a stormy altar of Qazlal.
  2986 | D:4      | Became a worshipper of Qazlal Stormbringer
  3011 | D:4      | Reached skill level 4 in Shields
  3082 | D:4      | Found a basalt altar of Yredelemnul.
  3409 | D:5      | Entered Level 5 of the Dungeon
  3473 | D:5      | Found a staircase to the Ecumenical Temple.
  3529 | Temple   | Entered the Ecumenical Temple
  3664 | D:5      | Noticed an ogre
  3670 | D:5      | Killed an ogre
  3670 | D:5      | Reached skill level 5 in Fighting
  3670 | D:5      | Reached XP level 7. HP: 24/56 MP: 7/7
  3678 | D:5      | Gained mutation: You are partially covered in slimy green
                  | scales. (AC +2) [evolution]
  3784 | D:5      | Found Tinet's Assorted Antiques.
  3872 | D:5      | Found Fuqaed's Jewellery Boutique.
  3878 | D:5      | Bought the ring of Zang {*Contam +Inv rPois rC- AC+1} for
                  | 103 gold pieces
  3980 | D:5      | Reached skill level 5 in Long Blades
  4038 | D:5      | Found Huoll's Magic Scroll Boutique.
  4052 | D:5      | Reached skill level 1 in Invocations
  4052 | D:5      | Reached XP level 8. HP: 40/62 MP: 8/8
  4066 | D:5      | Bought a scroll of remove curse for 42 gold pieces
  4066 | D:5      | Bought a scroll of enchant weapon for 105 gold pieces
  4147 | D:5      | Found a shattered altar of Ashenzari.
  4244 | D:5      | Found a sparkling altar of Nemelex Xobeh.
  4250 | D:5      | Found a glowing golden altar of the Shining One.
  4299 | D:6      | Reached * piety under Qazlal
  4322 | D:6      | Reached skill level 1 in Evocations
  4339 | D:6      | Reached skill level 1 in Dodging
  4339 | D:6      | Reached skill level 1 in Transmutations
  4449 | D:6      | Gained mutation: Your flesh is very cold resistant. (rC++)
                  | [evolution]
  4473 | D:6      | Found an iron altar of Okawaru.
  4560 | D:6      | Found a hazy altar of Hepliaklqana.
  4572 | D:6      | Reached skill level 1 in Spellcasting
  5115 | D:7      | Reached skill level 5 in Armour
  5115 | D:7      | Reached skill level 5 in Shields
  5239 | D:7      | Found a flagged portal.
  5273 | Bailey   | Entered a bailey
  5282 | Bailey   | Noticed an orc knight
  5315 | Bailey   | Reached ** piety under Qazlal
  5686 | Bailey   | Killed an orc knight
  5686 | Bailey   | Reached skill level 1 in Maces & Flails
  5686 | Bailey   | Reached skill level 1 in Throwing
  5686 | Bailey   | Reached XP level 9. HP: 63/69 MP: 9/11
  5861 | D:7      | Lost mutation: You rapidly evolve. [evolution]
  6056 | D:7      | Found a shadowy altar of Dithmenos.
  6281 | D:8      | Found a hide-covered altar of Uskayaw.
  6380 | D:8      | Noticed Prince Ribbit
  6393 | D:8      | Reached *** piety under Qazlal
  6474 | D:8      | Noticed Joseph
  6504 | D:8      | Killed Joseph
  6504 | D:8      | Reached XP level 10. HP: 69/74 MP: 13/13
  6547 | D:8      | Reached skill level 6 in Shields
  6727 | D:8      | Killed Prince Ribbit
  7037 | D:8      | Found Vahypij's Book Shop.
  7461 | D:9      | Found a deep blue altar of Sif Muna.
  7488 | D:9      | Identified Sif Muna's Volume of Snow
  7734 | D:9      | Reached **** piety under Qazlal
  8025 | D:10     | Entered Level 10 of the Dungeon
  8046 | D:10     | Noticed a two-headed ogre
  8056 | D:10     | Reached XP level 11. HP: 65/81 MP: 15/15
  8073 | D:10     | Killed a two-headed ogre
  8109 | D:10     | Reached skill level 7 in Shields
  8213 | D:10     | Found Zeodus's Armour Boutique.
  8234 | D:10     | Bought a +1 pair of gloves of dexterity for 231 gold pieces
  8234 | D:10     | Bought a +2 helmet of intelligence for 301 gold pieces
  8284 | D:10     | Reached skill level 11 in Shields
  8284 | D:10     | Reached XP level 12. HP: 87/87 MP: 16/16
  8365 | D:10     | Reached skill level 5 in Maces & Flails
  8518 | D:10     | Found a staircase to the Lair.
  8621 | D:10     | Reached skill level 5 in Throwing
  8670 | D:10     | Found Wuyck's Magic Scroll Shoppe.
  8673 | D:10     | Noticed Sonja
  8705 | D:10     | Killed Sonja
  8747 | D:10     | Lost mutation: You evolve. [end of evolution]
  8888 | D:10     | Found Gamanir's Weapon Shoppe.
  9234 | D:11     | Reached ***** piety under Qazlal
  9418 | D:11     | Reached XP level 13. HP: 95/95 MP: 18/18
 10171 | D:12     | Found Jyugog's Antique Armour Shoppe.
 10186 | D:12     | Found a staircase to the Orcish Mines.
 10770 | D:13     | Noticed a five-headed hydra
 10785 | D:13     | Noticed a five-headed hydra
 10794 | D:13     | Killed a five-headed hydra
 10794 | D:13     | Reached skill level 5 in Invocations
 10899 | D:13     | Noticed a vault guard
 10905 | D:13     | Killed a five-headed hydra
 10905 | D:13     | Reached skill level 12 in Shields
 10905 | D:13     | Cast into level 2 of the Abyss (a wizard)
 10983 | Abyss:2  | Found a corrupted altar of Lugonu.
 11004 | Abyss:2  | Noticed a bone dragon
 11067 | Abyss:2  | Killed a bone dragon
 11067 | Abyss:2  | Reached skill level 5 in Evocations
 11103 | Abyss:2  | Noticed a starcursed mass
 11118 | Abyss:2  | Paralysed by accursed screaming for 1 turns
 11121 | Abyss:2  | Paralysed by accursed screaming for 1 turns
 11145 | Abyss:2  | Found a viscous altar of Jiyva.
 11201 | Abyss:2  | HP: 2/96 [wretched star/orb of energy (30)]
 11398 | Abyss:2  | Reached skill level 5 in Dodging
 11398 | Abyss:2  | Reached XP level 14. HP: 14/103 MP: 20/20
 11517 | Abyss:2  | Found a viscous altar of Jiyva.
 11583 | Abyss:2  | HP: 2/72 [ancient zyme (7)]
 11586 | Abyss:2  | Slain by an anaconda zombie

Skill      XL: |  1  2  3  4  5  6  7  8  9 10 11 12 13 |
---------------+----------------------------------------+-----
Long Blades    | 3 4 5 6 7 |  7.3
Fighting       | 4 5 6 7 |  7.4
Armour         | 4 5 6 7 8 |  8.9
Shields        | 4 5 6 11 12 | 12.1
Invocations    | 1 2 3 4 5 |  5.6
Evocations     | 2 3 4 5 |  5.2
Dodging        | 1 2 3 5 |  5.0
Transmutations | 1 2 3 4 |  4.6
Spellcasting   | 1 2 3 4 |  4.6
Maces & Flails | 1 3 4 5 6 |  6.8
Throwing       | 1 2 4 5 6 |  6.7

Action                   |  1- 3 |  4- 6 |  7- 9 | 10-12 | 13-15 || total
-------------------------+-------+-------+-------+-------+-------++-------
Melee: Long sword        |   100 |   269 |   196 |       |       ||   565
       Falchion          |       |       |   164 |   582 |   397 ||  1143
       Morningstar       |       |       |       |       |    77 ||    77
Throw: Tomahawk          |       |       |     5 |     7 |     6 ||    18
Invok: Upheaval          |       |       |       |     2 |     5 ||     7
 Abil: Evoke Flight      |       |       |     4 |     1 |       ||     5
       Evoke Invisibilit |       |       |       |     1 |       ||     1
  Use: Potion            |     1 |     4 |     3 |     6 |     5 ||    19
       Scroll            |       |     9 |    10 |     4 |     7 ||    30
 Stab: Invisible         |       |       |       |     1 |       ||     1
       Distracted        |       |       |       |       |     1 ||     1
  Eat: Chunk             |     1 |     8 |     6 |     9 |     3 ||    27
       Ration            |       |       |     2 |       |     2 ||     4
Armor: Chain mail        |    69 |   244 |   120 |       |       ||   433
       Skin              |       |    44 |     2 |       |       ||    46
       Plate armour      |       |       |    52 |   247 |   262 ||   561
Dodge: Dodged            |    14 |    65 |    69 |    90 |    86 ||   324
       Deflected         |       |       |       |     2 |     8 ||    10
Block: Shield            |    51 |   174 |   236 |   408 |   514 ||  1383
       Rpst.: Long sword |     5 |    13 |    17 |       |       ||    35
       Falchion          |       |       |     9 |    30 |    18 ||    57
